Map: Acid Plant LE

Players

WindRunner

  • Race: Terran Terran
  • League: Platinum
  • Spawn Location: 11:00

Root - Winner!

  • Race: Zerg Zerg
  • League: Platinum
  • Spawn Location: 5:00

VOD

Have the link to the VOD?

Description

Time

  • Played on: July 23, 2018, 11:14 p.m.
  • Length: 13:19
Show
View Real Time Build Order
Export as new Build Order

WindRunner Terran 

Build Orders: MMM Bio 

Get SALT Encoding   

  12  0:00  SCV  
  13  0:12  SCV  
  14  0:19  Supply Depot  
  14  0:24  SCV  
  15  0:41  SCV  
  15  0:42  Barracks  
  16  0:46  Refinery  
  16  0:53  SCV  
  17  1:05  SCV  
  18  1:17  SCV  
  19  1:29  Barracks Tech Lab  
  20  1:33  Orbital Command  
  20  1:39  Refinery  
  19  1:51  Marine  
  20  1:57  Factory  
  20  2:00  SCV  
  21  2:09  Marine  
  21  2:13  SCV  
  23  2:27  Command Center  
  23  2:58  Barracks  
  23  3:01  Starport, Barracks Reactor  
  23  3:05  Barracks  
  23  3:20  Supply Depot  
  23  3:21  Supply Depot  
  23  3:23  SCV, Siege Tank  
  27  3:35  SCV  
  27  3:37  Starport Reactor  
  27  3:39  Marine x2  
  30  3:59  Marine x2  
  30  4:02  Barracks Tech Lab x2  
  32  4:05  SCV  
  32  4:06  SCV  
  34  4:17  SCV, Siege Tank  
  34  4:18  SCV  
  34  4:24  Medivac x2  
  41  4:30  SCV x2  
  45  4:37  Engineering Bay  
  45  4:41  Stimpack  
  45  4:46  Combat Shields  
  45  4:49  Marine x2  
  47  4:58  Marauder x2  
  51  5:10  Marine x2  
  51  5:12  SCV x2  
  55  5:17  Refinery  
  55  5:21  Marauder  
  55  5:23  Marauder  
  55  5:24  SCV x2  
  61  5:33  Supply Depot  
  61  5:36  SCV  
  61  5:37  Supply Depot  
  61  5:39  Supply Depot  
  62  5:54  SCV x2, Marine x2  
  66  5:57  Marauder x2  
  66  6:02  Medivac x2  
  74  6:07  SCV, Terran Infantry Weapons Level 1  
  74  6:08  SCV  
  76  6:16  Siege Tank  
  69  6:33  Marine x2  
  69  6:34  Marauder x2  
  75  6:48  Siege Tank  
  75  6:51  Marine x2  
  75  6:52  Refinery  
  80  6:55  Marauder x2  
  84  7:09  Marine x2  
  86  7:21  SCV, Siege Tank  
  86  7:22  Marauder x2, SCV, Supply Depot  
  95  7:25  Supply Depot  
  95  7:27  Supply Depot, Marine x2  
  95  7:28  Supply Depot  
  97  7:30  Liberator  
  97  7:33  SCV  
  98  7:38  Liberator  
  98  7:43  Marauder x2  
  102  7:45  Marine x2  
  110  8:02  Marine  
  110  8:03  Siege Tank, Marine  
  110  8:04  Marine x2  
  114  8:23  Liberator x2  
  112  8:39  Marine x4  
  114  8:42  Siege Tank  
  117  8:57  Marine x4  
  121  9:15  Hellion  
  123  9:21  Orbital Command  
  123  9:35  Command Center  
  123  9:39  Command Center  
  120  10:05  Medivac x2  
  120  10:06  Marauder x2, Marine x2  
  127  10:24  Marine x2  
  127  10:27  Marine x2  
  129  10:45  Marauder x2  
  133  11:07  Marauder x2  
  96  11:12  Marine  
  96  11:13  Marine  
  98  11:28  Marauder x2  
  98  11:30  Marine x2  
  102  11:49  Marauder x2  
  102  11:51  Marine  
  102  11:52  Marine  
  99  12:09  Marine x2  
  99  12:11  Marauder x2  
  84  12:27  Marine  
  84  12:29  Marine  
  78  12:32  Marauder x2  
  66  12:45  Marine  
  66  12:46  Marine  
  46  12:59  Marine  
  46  13:00  SCV, Supply Depot, Marine  
Show
View Real Time Build Order
Export as new Build Order

Root Zerg - Winner!

Build Orders: Hatch First 

Get SALT Encoding   

  12  0:01  Drone  
  13  0:08  Drone  
  14  0:17  Overlord  
  14  0:36  Drone x3  
  17  0:52  Drone  
  17  0:56  Hatchery  
  17  1:09  Spawning Pool  
  16  1:13  Drone  
  17  1:26  Drone x2  
  17  1:27  Extractor  
  18  2:00  Queen  
  20  2:01  Zergling x2  
  20  2:02  Zergling x2  
  20  2:04  Overlord  
  22  2:09  Queen  
  24  2:24  Zergling x4  
  24  2:25  Zergling x4  
  28  2:32  Drone  
  29  2:43  Drone  
  30  2:45  Drone x2  
  30  2:50  Metabolic Boost  
  32  2:55  Overlord  
  32  3:13  Hatchery, Queen x2  
  35  3:21  Drone  
  35  3:26  Overlord  
  36  3:37  Overlord  
  36  3:42  Extractor  
  36  3:47  Drone x7  
  42  3:58  Queen  
  42  4:01  Overlord  
  44  4:03  Drone  
  45  4:16  Drone  
  46  4:17  Baneling Nest  
  46  4:22  Evolution Chamber  
  46  4:23  Drone x2  
  46  4:24  Drone, Evolution Chamber  
  46  4:33  Queen  
  46  4:35  Drone x2  
  50  4:44  Drone  
  50  4:45  Drone x2  
  53  4:46  Drone  
  53  4:47  Drone x2  
  56  4:54  Overlord  
  56  4:57  Zerg Ground Armor Level 1  
  56  5:03  Zerg Melee Weapons Level 1  
  55  5:09  Zergling x2  
  55  5:10  Zergling x8  
  60  5:18  Drone x3  
  63  5:21  Extractor  
  63  5:22  Drone x2, Extractor  
  63  5:35  Lair  
  63  5:41  Drone x4  
  63  5:42  Overlord x2  
  67  5:58  Drone x2  
  67  6:01  Drone x3  
  67  6:02  Drone x2  
  67  6:03  Drone x4  
  78  6:05  Overlord  
  78  6:36  Centrifical Hooks  
  78  6:39  Overlord x2  
  78  6:41  Drone x5  
  78  6:42  Drone x2  
  78  6:46  Spore Crawler  
  84  6:48  Drone  
  84  6:49  Spore Crawler  
  84  6:51  Spore Crawler  
  83  7:03  Zergling x10  
  83  7:04  Zergling x12  
  83  7:07  Extractor  
  93  7:09  Extractor  
  93  7:12  Hatchery  
  91  7:16  Hydralisk Den  
  90  7:26  Baneling x13  
  90  7:27  Baneling x18  
  90  7:46  Hydralisk x3  
  90  7:47  Hydralisk x3  
  102  7:59  Muscular Augments  
  96  8:11  Zergling x8  
  96  8:12  Zergling x14  
  104  8:13  Zergling x6  
  106  8:31  Zergling x12  
  106  8:32  Zergling x4  
  112  8:55  Hydralisk  
  112  8:56  Hydralisk x3  
  112  8:59  Overlord x3  
  112  9:02  Zerg Ground Armor Level 2, Zerg Missile Weapons Level 1  
  120  9:07  Spire  
  119  9:11  Drone  
  119  9:13  Overlord x3  
  119  9:14  Overlord x2  
  120  9:18  Infestation Pit  
  119  9:25  Baneling x6  
  117  9:46  Baneling x2  
  117  9:47  Baneling x7  
  117  9:49  Drone x3  
  117  9:50  Drone x3  
  117  9:52  Drone x4  
  127  9:56  Queen  
  129  10:01  Hydralisk  
  129  10:02  Hydralisk x2  
  134  10:20  Zergling x6  
  134  10:21  Zergling x14  
  127  10:22  Zergling x6  
  126  10:36  Zergling x2  
  126  10:37  Zergling x10  
  126  10:40  Baneling  
  126  10:41  Baneling x7  
  130  10:55  Zergling x14  
  131  10:57  Hatchery  
  108  11:14  Zergling x8  
  111  11:28  Zergling x12  
  111  11:29  Zergling x6  
  117  11:42  Zergling x6  
  117  11:43  Zergling x6  
  117  11:55  Hydralisk x5  
  117  11:56  Hydralisk  
  127  12:12  Hydralisk x6  
  132  12:15  Baneling  
  132  12:16  Baneling  
  132  12:17  Zergling x6, Baneling x7  
  130  12:31  Hydralisk x2  
  130  12:32  Hydralisk x7  
  130  12:33  Hydralisk  
  147  12:40  Hydralisk x5  
  147  12:41  Hydralisk x2  
  150  12:45  Corruptor  
Tags
 
Composition
MMM Bio
Matchup
TvZ
Spawn Locations
Cross Positions
Add a new tag
Caveats
  • Supply blocks, unpowered buildings, or Contaminate may cause inaccurate times.
  • Supply counts are checked every 10 seconds.